 Dungeon Crawl Stone Soup version 0.18-a0-1203-gbde16db (webtiles) character file.

22 ipx the Sneak (level 2, -1/13 HPs)
             Began as a Spriggan Enchanter on Feb 1, 2016.
             Slain by a hound (2 damage)
             ... on level 4 of the Dungeon.
             The game lasted 00:05:00 (324 turns).

ipx the Sneak (Spriggan Enchanter)                   Turns: 324, Time: 00:05:00

Health: -1/13      AC:  3    Str:  4    XL:     2   Next: 68%
Magic:  1/16       EV: 18    Int: 16    God:
Gold:   11         SH:  0    Dex: 16    Spells: 2 memorised, 4 levels left

rFire  . . .     SeeInvis +     a - +1 dagger
rCold  . . .     Gourm    .     b - +1 robe
rNeg   . . .     Faith    .     (shield restricted)
rPois  .         Spirit   .     (helmet restricted)
rElec  .         Dismiss  .     (no cloak)
rCorr  .         Reflect  .     (gloves unavailable)
SustAt .         Harm     .     (boots unavailable)
MR     .....                    (no amulet)
Stlth  +++.......               (no ring)
                                K - ring of magical power

@: very quick, not resistant to hostile enchantments, fairly stealthy
A: unfitting armour, see invisible, herbivore 3, speed 3, slow metabolism 2
a: no special abilities


You were on level 4 of the Dungeon.
You were not hungry.

You visited 1 branch of the dungeon, and saw 4 of its levels.

You collected 11 gold pieces.

Inventory:

Hand Weapons
 a - a +1 dagger (weapon)
Armour
 b - a +1 robe (worn)
Jewellery
 f - a cursed ring of teleportation
 K - a ring of magical power (left hand)
Books
 c - a book of Maledictions

   Spells                             Type                      Level
   a - Corona                         Hexes                        1
   b - Ensorcelled Hibernation        Hexes/Ice                    2
   c - Confuse                        Hexes                        3
   d - Tukima's Dance                 Hexes                        3
   e - Dazzling Spray                 Conjuration/Hexes            3
Comestibles
 d - 2 bread rations


   Skills:
 - Level 1.1 Short Blades
 - Level 3.0 Dodging
 * Level 5.6 Stealth
 + Level 3.0 Spellcasting
 + Level 3.8 Hexes


You had 4 spell levels left.
You knew the following spells:

 Your Spells              Type           Power        Failure   Level  Hunger
h - Ensorcelled Hibernat  Hex/Ice        #.....       14%         2    ##.....
C - Corona                Hex            ##.....      4%          1    #......


Dungeon Overview and Level Annotations

Branches:
Dungeon (4/15)
 Temple: D:4-7

Altars:
Gozag
Kikubaaqudgha
Trog
Xom
The Shining One

Shops:
D:4 [

Annotations:
D:3 DsMo's ghost, amateur DsMo; Jessica


Innate Abilities, Weirdness & Mutations

You are tiny and cannot use many weapons and most armour.
You have supernaturally acute eyesight.
You are a herbivore.
You cover ground extremely quickly.
You need consume almost no food.


Message History

The hound resists with some effort.
The hound misses you. The hound completely misses you.
Casting: Ensorcelled Hibernation
Confirm with . or Enter, or press ? or * to list all spells.
Aiming: Corona
Press: ? - help, Shift-Dir - straight line, f/p - hound
Aim: a hound (chance to defeat MR: 60%)
The hound is outlined in light.
The hound completely misses you.
You hit the hound.
The hound is lightly wounded.
The hound bites you. x2
* * * LOW HITPOINT WARNING * * *
You aren't carrying any potions.
Read which item? (? for menu, Esc to quit)
As you read the scroll labeled PUYRUI LOFFAIL, it crumbles to dust.
It is a scroll of identify.
Identify which item? (\ to view known items) (? for menu, Esc to quit)
f - a cursed ring of teleportation The hound bites you.
You die...

#.....########
#.....#
#.....#
#.....#
#...S.#
#.....#
##+#+## #.#
#@# #h# #.#
#.# #)# #.#
#.# #.# #.#


You could see a hound.

Vanquished Creatures
  An adder (D:3)
  3 orcs (D:4)
  2 bats
  3 jackals (D:4)
9 creatures vanquished.

Notes
Turn   | Place    | Note
--------------------------------------------------------------
     0 | D:1      | ipx the Spriggan Enchanter began the quest for the Orb.
     0 | D:1      | Reached XP level 1. HP: 9/9 MP: 5/5
    56 | D:3      | Noticed DsMo's ghost (amateur DsMo)
    59 | D:3      | Noticed Jessica
    81 | D:2      | Found a glowing golden altar of the Shining One.
   164 | D:3      | Reached skill level 5 in Stealth
   164 | D:3      | Reached XP level 2. HP: 10/13 MP: 3/6
   193 | D:4      | Learned a level 2 spell: Ensorcelled Hibernation
   213 | D:4      | Found an ancient bone altar of Kikubaaqudgha.
   214 | D:4      | Found an opulent altar of Gozag.
   216 | D:4      | Found a bloodstained altar of Trog.
   216 | D:4      | Found a shimmering altar of Xom.
   267 | D:4      | Found Palof's Armour Shop.
   324 | D:4      | Slain by a hound

Vault maps used:
D:1:      evilmike_arrival_plus, minmay_misc_feat_secret_circle
D:2:      tso_metal_star
D:3:      uniq_jessica, uniq_terence
D:4:      grunt_temple_overflow_open, serial_shops, shop_coins

Action                   || total
-------------------------++-------
Melee: Dagger            ||    26
 Cast: Corona            ||     6
       Ensorcelled Hiber ||     6
  Use: Scroll            ||     1
 Stab: Sleeping          ||     5
